 Dungeon Crawl Stone Soup version 0.28-a0-628-g3c9886e45e (webtiles) character file.

Game seed: 7947639563384570975

24 Hubris850 the Covered (level 2, 0/27 HPs)
             Began as a Minotaur Fighter on Oct 8, 2021.
             Slain by a gnoll (5 damage)
             ... on level 1 of the Dungeon.
             The game lasted 00:01:58 (647 turns).

Hubris850 the Covered (Minotaur Fighter)             Turns: 647, Time: 00:01:58

Health: 0/27       AC:  7    Str: 20    XL:     2   Next: 79%
Magic:  1/1        EV: 10    Int:  5    God:
Gold:   0          SH:  4    Dex:  9    Spells: 1/1 levels left

rFire   . . .      SeeInvis .   a - +0 long sword
rCold   . . .      Faith    .   c - +0 buckler
rNeg    . . .      Spirit   .   b - +0 scale mail
rPois   .          Reflect  .   (helmet restricted)
rElec   .          Harm     .   (no cloak)
rCorr   .          Rampage  .   (no gloves)
Will    .....                   (no boots)
Stlth   ..........              (no amulet)
HPRegen 0.09/turn               (no ring)
MPRegen 0.07/turn               (no ring)

@: no status effects
A: horns 2, retaliatory headbutt
a: no special abilities


You were on level 1 of the Dungeon.
You visited 1 branch of the dungeon, and saw 1 of its levels.

Inventory:

Hand Weapons
 a - a +0 long sword (weapon)
Missiles
 i - 49 stones (quivered)
Armour
 b - a +0 scale mail (worn)
 c - a +0 buckler (worn)
Scrolls
 e - a scroll of identify {unknown}
 h - a scroll of silence {unknown}
 j - a scroll of immolation {unknown}
Potions
 d - a potion of might
 f - a potion of magic {unknown}
 g - a potion of heal wounds {unknown}


   Skills:
 + Level 3.9 Fighting
 + Level 2.8 Long Blades
 + Level 3.9 Armour
 + Level 1.0 Dodging
 + Level 3.9 Shields


You had one spell level left.
You didn't know any spells.
Your spell library was empty.

Dungeon Overview and Level Annotations

Branches:
Dungeon (1/15)

Altars:


Innate Abilities, Weirdness & Mutations

You have a pair of horns on your head.
You reflexively headbutt those who attack you in melee.


Message History

The gnoll shouts!
The ball python bites you but does no damage.
The ball python closely misses you.
You barely miss the ball python.
A bat comes into view.
The ball python closely misses you. The ball python grabs you.
The ball python constricts you.
The ball python bites you but does no damage.
The ball python constricts you.
You closely miss the ball python.
A kobold comes into view.
It is wielding a +1 short sword of electrocution.
The ball python bites you but does no damage.
The ball python constricts you.
The kobold shouts!
You slash the ball python!
You kill the ball python!
The bat hits you but does no damage.
You closely miss the bat. You block the bat's attack.
Your shield and scale mail prevent you from hitting the gnoll.
You headbutt the gnoll.
The gnoll is heavily wounded.
The bat completely misses you. The bat misses you.
The gnoll hits you with a +0 flail.
You hit the gnoll but do no damage.
The gnoll is heavily wounded.
The bat closely misses you. You furiously retaliate!
You headbutt the bat.
You kill the bat!
The gnoll hits you with a +0 flail!
You are too injured to fight recklessly!
You are too injured to fight recklessly!
You are too injured to fight recklessly!
You hit the gnoll but do no damage.
The gnoll is heavily wounded.
The gnoll hits you with a +0 flail!
* * * LOW HITPOINT WARNING * * *
The gnoll barely misses you.
You barely miss the gnoll.
The gnoll is heavily wounded.
The gnoll hits you with a +0 flail.
You die...

.>....#...PP...._..P...PP.#.^..
###.####P.PPP....#........P##..#
#.###.##......P#.......##....#
#......#.....P.#....PP.##.....
########...###P...#P...###.#.....
.........#....#########.)...#÷.##
.#########...#### #.....#.... .#
#.........##### #.....#.##. ##
#...>.....@gK.###.......###
#.........##...##.....#....
####...#####.†.............
#..... #†..######.#.### #....#
#...# #.#.. # #.#.## #..... .
#.#. ......# . # .......# ..
........#


You could see a gnoll and a kobold.

Vanquished Creatures
  A dart slug (D:1)
  4 ball pythons (D:1)
  2 bats (D:1)
  An endoplasm (D:1)
  A goblin (D:1)
  3 hobgoblins (D:1)
  A kobold (D:1)
  2 quokkas (D:1)
  4 frilled lizards (D:1)
  2 rats (D:1)
21 creatures vanquished.

Vanquished Creatures (others)
  A goblin (D:1)
  A demonic plant (D:1)
2 creatures vanquished.

Grand Total: 23 creatures vanquished

Notes
Turn   | Place    | Note
-------+----------+-------------------------------------------
     0 | D:1      | Hubris850 the Minotaur Fighter began the quest for the Orb.
     0 | D:1      | Reached XP level 1. HP: 19/19 MP: 0/0
   265 | D:1      | Reached XP level 2. HP: 27/27 MP: 1/1
   271 | D:1      | Found a faded altar of an unknown god.
   481 | D:1      | Reached skill level 1 in Dodging
   647 | D:1      | Slain by a gnoll

Illustrated notes

Levels and vault maps discovered:
D:1:      saegor_arrival_simple_d, layout_loops_cross,
          shapermc_ecumenical_altar_gd, minmay_misc_feat_cross,
          hangedman_decor_riveting, minivault_24, hex_tiny, nrook_campfire

Skill      XL: |  1  2 |
---------------+-------+-----
Dodging        | 1 |  1.0
Fighting       | |  3.9
Long Blades    | |  2.8
Armour         | |  3.9
Shields        | |  3.9

Action                   || total
-------------------------++-------
Melee: Long sword        ||    56
       Headbutt          ||     6
Armor: Scale mail        ||    29
Dodge: Dodged            ||    31
Block: Buckler           ||    17

Table legend: (Time is in decaauts)
 A = Elapsed time spent in this place.
 B = Non-inter-level travel time spent in this place.
 C = Inter-level travel time spent in this place.
 D = Time resting spent in this place.
 E = Time spent auto-exploring this place.
 F = Levels seen in this place.
 G = Mean time per level.
                   A        B        C        D        E       F      G
               +--------+--------+--------+--------+--------+-----+--------+
         Total |    663 |    663 |      0 |      0 |    519 |   1 |  663.0 |
       Dungeon |    663 |    663 |      0 |      0 |    519 |   1 |  663.0 |
               +--------+--------+--------+--------+--------+-----+--------+

Top non-repeatable levels by time:
     D:1: 663 daAuts
